 Dungeon Crawl Stone Soup version 0.28-a0-653-g7e9dba17c3 (webtiles) character file.

Game seed: 14032236310302799230

126 bande the Covered (level 5, -3/33 HPs)
             Began as a Gargoyle Fighter on Oct 11, 2021.
             Killed from afar by an orc wizard (6 damage)
             ... with a puff of flame
             ... on level 3 of the Dungeon.
             The game lasted 00:04:46 (2165 turns).

bande the Covered (Gargoyle Fighter)                Turns: 2165, Time: 00:04:47

Health: -3/33      AC: 12    Str: 20    XL:     5   Next: 9%
Magic:  5/5        EV:  9    Int:  8    God:
Gold:   93         SH:  4    Dex: 10    Spells: 4/4 levels left

rFire   . . .      SeeInvis .   a - +0 war axe
rCold   . . .      Faith    .   c - +0 buckler
rNeg    + . .      Spirit   .   b - +0 scale mail
rPois   ∞          Reflect  .   (no helmet)
rElec   +          Harm     .   (no cloak)
rCorr   .          Rampage  .   (no gloves)
Will    +....                   e - +0 pair of boots
Stlth   ..........              (no amulet)
HPRegen 0.11/turn               j - ring of willpower
MPRegen 0.09/turn               (no ring)

@: no status effects
A: sickness immunity, AC +4, negative energy resistance 1, electricity
resistance, torment resistance 1, petrification resistance
a: no special abilities


You were on level 3 of the Dungeon.
You visited 1 branch of the dungeon, and saw 3 of its levels.

You collected 93 gold pieces.

Inventory:

Hand Weapons
 a - a +0 war axe (weapon)
 k - a +0 flail
Armour
 b - a +0 scale mail (worn)
 c - a +0 buckler (worn)
 e - a +0 pair of boots (worn)
Jewellery
 j - a ring of willpower (left hand)
Scrolls
 f - a scroll of holy word {unknown}
 g - a scroll of identify {unknown}
Potions
 d - a potion of might
 h - a potion of degeneration {unknown}
 i - a potion of curing {unknown}


   Skills:
 + Level 3.8 Fighting
 + Level 3.2 Axes
 + Level 4.3 Armour
 + Level 3.8 Shields


You had 4 spell levels left.
You didn't know any spells.
Your spell library was empty.

Dungeon Overview and Level Annotations

Branches:
Dungeon (3/15)

Altars:

Shops:
D:2 *


Innate Abilities, Weirdness & Mutations

You are immune to sickness and miasma.
Your stone body is resilient. (AC +4)
You are immune to poison.
You resist negative energy. (rN+)
You are resistant to electric shocks. (rElec)
You are resistant to unholy torment.
You are immune to petrification.


Message History

You barely miss the orc.
The orc is moderately wounded.
You miss something. You closely miss the hobgoblin.
You block the hobgoblin's attack. The orc closely misses you.
Something hits you but does no damage.
The hobgoblin hits you but does no damage.
The orc closely misses you.
You slash the orc!
You kill the orc!
You barely miss something. You hit the hobgoblin.
You kill the hobgoblin!
Something hits you. Something hits you.
Items here: )) [ †.
Something hits you. You block something's attack.
Items here: )) [ †.
You closely miss something.
Something hits you but does no damage. x2
You hit something. You block something's attack.
You closely miss something. Something hits you.
You closely miss something.
You hear some strange, mumbled words.
A magic dart appears from out of thin air!
The magic dart hits you!
* * * LOW HITPOINT WARNING * * *
Something hits you but does no damage.
Your shield and scale mail prevent you from hitting something.
Something hits you.
* * * LOW HITPOINT WARNING * * *
You completely miss something. Something hits you but does no damage.
You barely miss something. Something hits you but does no damage.
Something hits you.
* * * LOW HITPOINT WARNING * * *
You barely miss something. Something hits you.
* * * LOW HITPOINT WARNING * * *
You closely miss something.
You hear some strange, mumbled words.
A puff of flame appears from out of thin air!
The puff of flame hits you.
You die...

#.# ##.# #..# #.## # ..#
#!######### ###
#.........# .#
######..###.#
.#####.........)...#.###
...............)@{......
.#####.#...........#.###
.........#####...### #
.#####... #...# .# #...#
## #...# ..... .#....
#.#.#.#


There were no monsters in sight!

Vanquished Creatures
  Jessica (D:3)
  An orc wizard (D:3)
  An adder (D:3)
  2 worms (D:2)
  A dart slug (D:1)
  8 orcs (D:3)
  4 endoplasms
  2 giant cockroaches (D:1)
  4 goblins (D:2)
  6 hobgoblins
  4 quokkas
  2 ball pythons (D:2)
  3 bats
  4 frilled lizards
  A kobold (D:1)
  5 rats
49 creatures vanquished.

Notes
Turn   | Place    | Note
-------+----------+-------------------------------------------
     0 | D:1      | bande the Gargoyle Fighter began the quest for the Orb.
     0 | D:1      | Reached XP level 1. HP: 14/14 MP: 1/1
   393 | D:1      | Found a faded altar of an unknown god.
   409 | D:1      | Reached XP level 2. HP: 19/19 MP: 2/2
  1096 | D:2      | Reached XP level 3. HP: 24/24 MP: 3/3
  1416 | D:2      | Found Siuliuv's General Store.
  1657 | D:3      | Reached XP level 4. HP: 29/29 MP: 4/4
  1797 | D:3      | Noticed Jessica
  1828 | D:3      | Killed Jessica
  1829 | D:3      | Reached skill level 4 in Armour
  1829 | D:3      | Reached XP level 5. HP: 4/33 MP: 5/5
  2165 | D:3      | Killed from afar by an orc wizard

Illustrated notes

Levels and vault maps discovered:
D:1:      minmay_arrival_loop, layout_basic, chequers_ecumenical_altar_island
D:2:      layout_loops_ring, serial_shops, shop
D:3:      layout_basic, nicolae_overflow_hidden_temple, uniq_jessica

Skill      XL: |  1  2  3  4 |
---------------+-------------+-----
Axes           | 2 3 |  3.2
Armour         | 4 |  4.3
Fighting       | |  3.8
Shields        | |  3.8

Action                   |  1- 3 |  4- 6 || total
-------------------------+-------+-------++-------
Melee: War axe           |    94 |    51 ||   145
Armor: Scale mail        |    41 |    28 ||    69
Dodge: Dodged            |    32 |    23 ||    55
Block: Buckler           |    12 |    17 ||    29

Table legend: (Time is in decaauts)
 A = Elapsed time spent in this place.
 B = Non-inter-level travel time spent in this place.
 C = Inter-level travel time spent in this place.
 D = Time resting spent in this place.
 E = Time spent auto-exploring this place.
 F = Levels seen in this place.
 G = Mean time per level.
                   A        B        C        D        E       F      G
               +--------+--------+--------+--------+--------+-----+--------+
         Total |   2220 |   2220 |      0 |    665 |   1073 |   3 |  740.0 |
       Dungeon |   2220 |   2220 |      0 |    665 |   1073 |   3 |  740.0 |
               +--------+--------+--------+--------+--------+-----+--------+

Top non-repeatable levels by time:
     D:2: 876 daAuts
     D:1: 732 daAuts
     D:3: 611 daAuts
